 Dungeon Sprint DCSS version 0.14.2 (webtiles) character file.

499 Grimoiregrey the Covered (level 5, -1/53 HPs)
             Began as a Hill Orc Fighter on Jan 18, 2018.
             Slain by a slime creature (14 damage)
             ... in the Dungeon (Sprint I: "Red Sonja").
             The game lasted 00:06:20 (326 turns).

Grimoiregrey the Covered (Hill Orc Fighter)          Turns: 326, Time: 00:06:20

HP  -1/53        AC  8     Str 20      XL: 5   Next: 80%
MP   5/5         EV  7     Int  8      God:
Gold 297         SH 21     Dex 10      Spells:  0 memorised,  4 levels left

rFire  . . .     SeeInvis .     a - +0 war axe
rCold  . . .     Clarity  .     b - +0 scale mail
rNeg   . . .     Conserve .     c - +0 shield
rPois  .         rCorr    .     (no helmet)
rElec  .         rRot     .     (no cloak)
SustAb . .       Spirit   .     (no gloves)
rMut   .         Warding  .     (no boots)
Saprov + . .     NoTele   +     (no amulet)
MR     .....                    (no ring)
                                (no ring)

@: not resistant to hostile enchantments, extremely unstealthy
A: saprovore 1
a: no special abilities


You were in the Dungeon.
You were not hungry.

You visited 1 branch You collected 297 gold pieces.

Inventory:

Hand weapons
 a - a +0,+0 war axe (weapon)
Armour
 b - a +0 scale mail (worn)
 c - a +0 shield (worn)
Comestibles
 d - a meat ration
Scrolls
 k - a scroll of blinking
Potions
 e - a potion of might
 f - a potion of mutation {unknown}
 h - a potion of haste
 i - 2 potions of magic
 j - a potion of berserk rage


   Skills:
 + Level 7.6 Fighting
 + Level 5.8 Axes
 + Level 7.7 Armour
 + Level 2.1 Dodging
 + Level 7.2 Shields


You had 4 spell levels left.
You didn't know any spells.

Dungeon Overview and Level Annotations

Branches:
Dungeon (1/1)

Altars:
Dithmenos
Elyvilon
Fedhas
Kikubaaqudgha
Makhleb
Sif Muna
Trog
Yredelemnul

Shops:
D [


Innate Abilities, Weirdness & Mutations

You can tolerate rotten meat.


Message History

The slime creature is lightly wounded.
The slime creature hits you!
You hit the slime creature.
The slime creature is lightly wounded.
The slime creature hits you!
* * * LOW HITPOINT WARNING * * *
You hit the slime creature.
The slime creature is moderately wounded.
The slime creature barely misses you.
You slash the slime creature!
The slime creature is heavily wounded.
The slime creature closely misses you.
The slime creature hits you but does no damage.
You slash the slime creature!
The slime creature is heavily wounded.
The slime creature hits you but does no damage.
You slash the slime creature!
The slime creature is severely wounded.
The slime creature hits you!
You die...

###################
#<%#..').#..'..#__#
#..'..#..').#..@J.+
#..#####'#####j#__#
#..# #..#...#.####
#..#_.####..##.#
#..#.....##'#..+
#⌠⌠#_.∩...'..._#
####.....##_.#+#
#_._. ##+# ####


You could see an elephant slug and a slime creature.

Vanquished Creatures
  An ogre (D)
  Sigmund (D)
  A jelly (D)
  Ijyb (D)
4 creatures vanquished.

Notes
Turn   | Place    | Note
--------------------------------------------------------------
     0 | D        | Grimoiregrey, the Hill Orc Fighter, began the quest for the Orb.
     0 | D        | Reached XP level 1. HP: 19/19 MP: 1/1
     4 | D        | Noticed Ijyb
    19 | D        | Killed Ijyb
    19 | D        | Reached skill level 4 in Fighting
    19 | D        | Reached XP level 2. HP: 19/28 MP: 2/2
    29 | D        | Noticed an ogre
    33 | D        | HP: 1/28 [ogre/giant club (12)]
    34 | D        | Killed an ogre
    34 | D        | Reached skill level 6 in Fighting
    34 | D        | Reached skill level 1 in Dodging
    34 | D        | Reached XP level 3. HP: 1/38 MP: 3/3
    34 | D        | Reached XP level 4. HP: 1/45 MP: 4/4
   148 | D        | Noticed Sigmund
   156 | D        | Killed Sigmund
   156 | D        | Reached skill level 7 in Fighting
   156 | D        | Reached skill level 5 in Axes
   156 | D        | Reached XP level 5. HP: 33/52 MP: 5/5
   269 | D        | Found a blossoming altar of Fedhas.
   272 | D        | Noticed a jelly
   273 | D        | Found a deep blue altar of Sif Muna.
   276 | D        | Killed a jelly
   303 | D        | Found Kamuskiab's Armour Emporium.
   303 | D        | Found a basalt altar of Yredelemnul.
   303 | D        | Found a deep blue altar of Sif Muna.
   303 | D        | Found a white marble altar of Elyvilon.
   303 | D        | Found a shadowy altar of Dithmenos.
   303 | D        | Noticed an elephant slug
   319 | D        | Found a white marble altar of Elyvilon.
   319 | D        | Found a bloodstained altar of Trog.
   319 | D        | Found an ancient bone altar of Kikubaaqudgha.
   319 | D        | Found a burning altar of Makhleb.
   319 | D        | Noticed a slime creature
   326 | D        | Slain by a slime creature

Action                   |  1- 3 |  4- 6 || total
-------------------------+-------+-------++-------
Melee: War axe           |    17 |    19 ||    36
  Use: Potion            |       |     2 ||     2
